 Dungeon Crawl Stone Soup version 0.22-a0-803-gd6d8abeff0 (webtiles) character file.

1165 PikkenKukken the Skirmisher (level 8, -8/63 HPs)
             Began as a Demonspawn Fighter on July 22, 2018.
             Was an Initiate of Ashenzari.
             Killed by divine providence
             ... invoked by an orc priest
              (10 damage)
             ... on level 5 of the Dungeon.
             The game lasted 00:12:29 (4037 turns).

PikkenKukken the Skirmisher (Demonspawn Fighter)    Turns: 4037, Time: 00:12:30

Health: -8/63      AC: 19    Str: 18    XL:     8   Next: 17%
Magic:  17/17      EV:  3    Int: 10    God:    Ashenzari [......]
Gold:   234        SH: 10    Dex: 13    Spells: 7/7 levels left

rFire    . . .     SeeInvis .   a - +1 flail
rCold    . . .     Gourm    .   c - +0 shield (curse)
rNeg     . . .     Faith    .   k - -1 plate armour
rPois    .         Spirit   .   (no helmet)
rElec    .         Reflect  .   p - +0 cloak
rCorr    +         Harm     .   l - +2 pair of gloves (curse)
MR       .....                  (no boots)
Stlth    ..........             (no amulet)
HPRegen  0.20/turn              e - ring of magical power
MPRegen  0.15/turn              t - ring of wizardry

@: no status effects
A: yellow scales 3, demonic guardian 1, powered by death 1
a: Curse Item, Renounce Religion


You were on level 5 of the Dungeon.
You worshipped Ashenzari.
Ashenzari was noncommittal.
You were not hungry.

You visited 2 branches of the dungeon, and saw 6 of its levels.

You collected 234 gold pieces.

Inventory:

Hand Weapons
 a - a +1 flail (weapon)
Armour
 b - a +0 scale mail
 c - a cursed +0 shield (worn)
 k - a -1 plate armour (worn)
 l - a cursed +2 pair of gloves (worn)
 p - a +0 cloak (worn)
Jewellery
 e - a ring of magical power (left hand)
 t - a ring of wizardry (right hand)
Wands
 d - a wand of digging (17)
 h - a wand of flame (23)
Scrolls
 n - a scroll of remove curse
 o - a scroll of enchant weapon
 s - 2 scrolls of identify
 u - 2 scrolls of magic mapping
 w - a scroll of teleportation
 y - a scroll of amnesia {unknown}
Potions
 g - a potion of resistance
 i - 3 potions of haste
 j - a potion of curing
 q - 2 potions of invisibility {unknown}
 r - a potion of degeneration {unknown}
 v - a potion of berserk rage {unknown}
 z - a potion of heal wounds {unknown}
Comestibles
 f - 8 rations
 x - 5 chunks of flesh


   Skills:
 + Level 5.5 Fighting
 + Level 4.6 Maces & Flails
 + Level 5.1 Armour
 + Level 5.2 Shields
 + Level 1.0 Evocations


You had 7 spell levels left.
You didn't know any spells.
Your spell library was empty.

Dungeon Overview and Level Annotations

Branches:
Dungeon (5/15)             Temple (1/1) D:5

Altars:
Ashenzari
Cheibriados
Dithmenos
Elyvilon
Fedhas
Gozag
Hepliaklqana
Kikubaaqudgha
Makhleb
Nemelex Xobeh
Okawaru
Qazlal
Ru
Sif Muna
Trog
Uskayaw
Vehumet
Wu Jian
Xom
Yredelemnul
Zin

Annotations:
D:3 1 runed door, aaaaaaaaaaaaaaaaaa's ghost, amateur TrCK


Innate Abilities, Weirdness & Mutations

You are completely covered in yellow scales. (AC +4, rCorr)
A weak demonic guardian rushes to your aid.
You regenerate a little health from kills.


Message History

The shadow imp hits you but does no damage.
Your quasit bites the orc warrior.
Your quasit misses the orc warrior.
Your quasit claws the orc warrior but does no damage.
The orc warrior hits you but does no damage.
Your quasit bites the orc warrior but does no damage.
Your quasit claws the orc warrior.
Your quasit claws the orc warrior but does no damage.
The orc priest hits you but does no damage.
Your quasit bites the orc warrior but does no damage.
Your quasit claws the orc warrior but does no damage.
Your quasit misses the orc warrior.
Your quasit bites the orc warrior.
Your quasit claws the orc warrior but does no damage.
Your quasit closely misses the orc warrior.
Unknown command.
The shadow imp gestures at you. Pain shoots through your body!
* * * LOW HITPOINT WARNING * * *
The orc priest calls down the wrath of Beogh upon you.
Beogh smites you!
You die...

...##.....≈≈≈≈≈≈...≈≈≈≈≈≈........
...##...).≈≈≈≈≈≈≈≈≈≈≈≈≈≈≈........
...##...#..≈≈≈≈≈≈≈≈≈≈≈≈≈.........
.............≈≈≈≈≈≈≈≈≈......#....
##.[...........≈≈≈≈≈......###....
.#........................###....
.#.................##............
.#..............................
##...........#..@...............
........#...##....o5............
##................5.........%...
.................##.o.....###...
##.........#.....##.......# ...
..........#.....##.......#
#.........###............+
........# ##########...#
........# ...#


You could see an orc warrior, an orc priest, a shadow imp and a friendly quasit.

Vanquished Creatures
  Sigmund (D:2)
  A phantom (D:4)
  A centaur (D:5)
  A bullfrog (D:5)
  A scorpion (D:4)
  A howler monkey (D:4)
  A gnoll shaman (D:5)
  5 hounds
  Crazy Yiuf (D:2)
  2 orc wizards
  Jessica (D:2)
  7 worker ants
  5 gnolls (D:5)
  4 adders
  3 worms
  2 dart slugs
  2 leopard geckos (D:3)
  13 orcs
  3 giant cockroaches
  7 hobgoblins
  4 jackals (D:1)
  A quokka (D:2)
  3 ball pythons
  4 bats
  4 frilled lizards
  8 goblins
  10 kobolds
  A leopard gecko skeleton (D:5)
  7 rats
104 creatures vanquished.

Vanquished Creatures (collateral kills)
  An ogre (D:5)
  A hound (D:4)
  An orc wizard (D:4)
  A frilled lizard (D:4)
4 creatures vanquished.

Grand Total: 108 creatures vanquished

Notes
Turn   | Place    | Note
-------+----------+-------------------------------------------
     0 | D:1      | PikkenKukken the Demonspawn Fighter began the quest for the Orb.
     0 | D:1      | Reached XP level 1. HP: 18/18 MP: 1/1
   423 | D:1      | Gained mutation: You regenerate a little health from kills. [demonic ancestry]
   423 | D:1      | Reached XP level 2. HP: 24/24 MP: 2/2
   699 | D:1      | You fall through a shaft!
   755 | D:2      | Reached XP level 3. HP: 27/29 MP: 3/3
   868 | D:2      | Reached XP level 4. HP: 35/35 MP: 4/4
   898 | D:2      | Found a runed door.
   902 | D:2      | Noticed Crazy Yiuf
   907 | D:2      | Killed Crazy Yiuf
  1034 | D:2      | Noticed Sigmund
  1051 | D:2      | Killed Sigmund
  1051 | D:2      | Gained mutation: You are partially covered in yellow scales. (AC +2) [demonic ancestry]
  1051 | D:2      | Reached XP level 5. HP: 20/42 MP: 5/5
  1292 | D:2      | Gained mutation: A weak demonic guardian rushes to your aid. [demonic ancestry]
  1292 | D:2      | Reached XP level 6. HP: 48/48 MP: 6/6
  1299 | D:2      | Noticed Jessica
  1311 | D:2      | Killed Jessica
  1731 | D:3      | Found a runed door.
  1733 | D:3      | Noticed aaaaaaaaaaaaaaaaaa's ghost (amateur TrCK)
  2808 | D:4      | Gained mutation: You are mostly covered in yellow scales. (AC +3) [demonic ancestry]
  2808 | D:4      | Reached XP level 7. HP: 55/55 MP: 7/7
  2998 | D:4      | Reached skill level 5 in Fighting
  3229 | D:5      | Entered Level 5 of the Dungeon
  3392 | D:5      | Reached skill level 5 in Shields
  3417 | D:5      | Found a staircase to the Ecumenical Temple.
  3473 | Temple   | Entered the Ecumenical Temple
  3579 | Temple   | Became a worshipper of Ashenzari the Shackled
  3649 | D:5      | Gained mutation: You are completely covered in yellow scales. (AC +4, rCorr) [demonic ancestry]
  3649 | D:5      | Reached XP level 8. HP: 53/63 MP: 8/8
  3757 | D:5      | Reached skill level 5 in Armour
  3922 | D:5      | Reached skill level 1 in Evocations
  4036 | D:5      | HP: 2/63 [shadow imp/nerve-wracking pain (9)]
  4037 | D:5      | Killed from afar by an orc priest

Vault maps used:
D:1:      dpeg_arrival_castle
D:2:      uniq_jessica, uniq_crazy_yiuf_cottage, uniq_sigmund
D:3:      ebering_ghost_sewer_d
D:5:      temple_pool_b, first_ration, nicolae_qazlal_eye_of_the_storm
Temple:   kilobyte_greek_temple

Skill      XL: |  1  2  3  4  5  6  7  8 |
---------------+-------------------------+-----
Shields        | 3 4 5 |  5.2
Maces & Flails | 2 3 4 |  4.6
Armour         | 3 4 5 |  5.1
Fighting       | 4 5 |  5.5
Evocations     | 1 |  1.0

Action                   |  1- 3 |  4- 6 |  7- 9 || total
-------------------------+-------+-------+-------++-------
Melee: Flail             |    88 |   203 |   166 ||   457
Invok: Curse Item        |       |       |     2 ||     2
  Use: Scroll            |     4 |     3 |       ||     7
       Potion            |       |     1 |     1 ||     2
  Eat: Chunk             |       |     7 |     4 ||    11
Armor: Scale mail        |     9 |       |       ||     9
       Plate armour      |    43 |   122 |   136 ||   301
Dodge: Dodged            |     9 |    20 |    23 ||    52
Block: Shield            |    45 |    90 |    91 ||   226

Table legend:
 A = Spawn XP
 B = Non-spawn XP
 C = Spawn XP percentage of total XP
 D = Spawn monster count
 E = Non-spawn monster count
 F = Spawn count percentage of total count
 G = Total turns spent on level
                    A         B        C        D         E        F      G
               +---------+---------+-------+---------+---------+-------+---------
         Total |       0 |    1665 |   0.0 |       0 |     108 |   0.0 |  4037
               +---------+---------+-------+---------+---------+-------+---------
           D:1 |       0 |      32 |   0.0 |       0 |      18 |   0.0 |   699
           D:2 |       0 |     412 |   0.0 |       0 |      30 |   0.0 |   985
           D:3 |       0 |      40 |   0.0 |       0 |      19 |   0.0 |   908
           D:4 |       0 |     672 |   0.0 |       0 |      22 |   0.0 |   639
           D:5 |       0 |     509 |   0.0 |       0 |      19 |   0.0 |   660
               +---------+---------+-------+---------+---------+-------+---------
